 Dungeon Crawl Stone Soup version 0.28-a0-1074-g3cb2360906 (webtiles) character file.

Game seed: 7922138101497075123

114 CheeseeCupcake the Chopper (level 4, -5/28 HPs)
             Began as a Gargoyle Berserker on Dec 9, 2021.
             Was a Believer of Trog.
             Slain by an iguana (10 damage)
             ... on level 2 of the Dungeon.
             The game lasted 00:10:13 (3073 turns).

CheeseeCupcake the Chopper (Gargoyle Berserker)     Turns: 3073, Time: 00:10:13

Health: -5/28      AC:  5    Str: 22    XL:     4   Next: 97%
Magic:  4/4        EV: 11    Int:  8    God:    Trog [**....]
Gold:   103        SH:  0    Dex:  9    Spells: 3/3 levels left

rFire   . . .      SeeInvis .   i - +0 trident (vorpal)
rCold   . . .      Faith    .   (no shield)
rNeg    + . .      Spirit   .   b - +0 animal skin
rPois   ∞          Reflect  .   (no helmet)
rElec   +          Harm     .   (no cloak)
rCorr   .          Rampage  .   (no gloves)
Will    .....                   (no boots)
Stlth   +.........              (no amulet)
HPRegen 0.09/turn               (no ring)
MPRegen 0.09/turn               (no ring)

@: no status effects
A: sickness immunity, AC +3, negative energy resistance 1, electricity
resistance, torment resistance 1, petrification resistance
a: Renounce Religion, Berserk, Trog's Hand


You were on level 2 of the Dungeon.
You worshipped Trog.
Trog was pleased with you.
You visited 1 branch of the dungeon, and saw 4 of its levels.

You collected 103 gold pieces.

Inventory:

Hand Weapons
 i - a +0 vorpal trident (weapon)
Missiles
 a - 7 poisoned darts (quivered)
 k - 3 stones
 l - 2 throwing nets
Armour
 b - a +0 animal skin (worn)
Scrolls
 d - a scroll of vulnerability {unknown}
 g - a scroll of silence {unknown}
 h - a scroll of identify {unknown}
 j - a scroll of torment {unknown}
 n - a scroll of enchant weapon {unknown}
Potions
 c - a potion of berserk rage {unknown}
 e - a potion of attraction {unknown}
 f - a potion of haste
 m - a potion of magic {unknown}


   Skills:
 - Level 3.3 Fighting
 - Level 4.3(4.5) Axes
 * Level 1.8(3.3) Polearms
 - Level 2.4 Armour
 - Level 1.5 Dodging


You had 3 spell levels left.
You didn't know any spells.
Your spell library was empty.

Dungeon Overview and Level Annotations

Branches:
Dungeon (4/15)
 Temple: D:4-7

Altars:
Xom

Shops:
D:1 (


Innate Abilities, Weirdness & Mutations

You are immune to sickness and miasma.
Your stone body is resilient. (AC +3)
You are immune to poison.
You resist negative energy. (rN+)
You are resistant to electric shocks. (rElec)
You are resistant to unholy torment.
You are immune to petrification.


Message History

Natasha claws you. The crimson imp barely misses you.
You puncture Natasha!
You kill Natasha!
Trog accepts your kill.
Trog appreciates your killing of a magic user.
Natasha growls in agony!
The crimson imp disappears in a puff of smoke! x2
You see here the felid corpse of Natasha.
You start resting.
HP restored.
You open the large door.
Found 4 arrows.
A hobgoblin comes into view.
There is a large open door here.
You puncture the hobgoblin!
You kill the hobgoblin!
Trog accepts your kill.
You see here a hobgoblin corpse.
You now have 103 gold pieces (gained 15).
You see here 4 arrows.
You see here a hobgoblin corpse.
There is a large open door here.
An iguana comes into view.
The iguana hisses angrily.
You reach to attack!
You hit the iguana but do no damage. The iguana bites you.
You puncture the iguana!
The iguana is heavily wounded.
The iguana bites you!
You are too injured to fight recklessly!
You are too injured to fight recklessly!
You are too injured to fight recklessly!
You barely miss the iguana.
The iguana is heavily wounded.
The iguana bites you!
* * * LOW HITPOINT WARNING * * *
You barely miss the iguana.
The iguana is heavily wounded.
The iguana hisses menacingly.
The iguana bites you!
You die...

#...........###.# #.#
#..####.####.#.######.#
#.#####.# ##.........#
#.#...#.# ########..#
###########.....#.#
#...
................#.#
#.##
##''##########.##.# #.#
≈≈..≈≈≈# ##...#.#####
... ≈≈.†≈≈≈#
#....@l....# #.#
§#..#≈§# #....#.###...
... ......≈# #.#.##.#
#. ..(.§§≈# #.#.##.#
###.. ≈#..#§§#
##.#.##.# ###.....
§≈..§§§# #....##.#
#.....# . ≈≈≈≈≈≈§#
#.###.##.# ###.....#..
########..# ##.#.#
#.......... #.#
####..####.#.....#


You could see an iguana.

Vanquished Creatures
  Natasha (twice) (D:2)
  2 worms
  4 dart slugs
  3 orcs
  5 endoplasms
  A giant cockroach (D:2)
  4 hobgoblins
  A quokka (D:1)
  6 ball pythons
  2 bats
  5 frilled lizards
  6 goblins
  4 kobolds
  5 rats
50 creatures vanquished.

Notes
Turn   | Place    | Note
-------+----------+-------------------------------------------
     0 | D:1      | CheeseeCupcake the Gargoyle Berserker began the quest for
                  | the Orb.
     0 | D:1      | Reached XP level 1. HP: 14/14 MP: 1/1
   268 | D:1      | Reached skill level 3 in Axes
   268 | D:1      | Reached XP level 2. HP: 13/19 MP: 2/2
   383 | D:1      | Found Noemauri's Antique Weapon Emporium.
   514 | D:1      | Found a faded altar of an unknown god.
  1046 | D:2      | Reached XP level 3. HP: 23/23 MP: 3/3
  1477 | D:2      | Reached ** piety under Trog
  1877 | D:2      | Noticed Natasha
  1884 | D:2      | Killed Natasha
  1885 | D:2      | Reached skill level 4 in Axes
  1885 | D:2      | Reached XP level 4. HP: 14/28 MP: 4/4
  2521 | D:3      | Found a shimmering altar of Xom.
  2617 | D:2      | Reached skill level 1 in Polearms
  2693 | D:2      | Noticed Natasha
  2942 | D:2      | Killed Natasha
  3073 | D:2      | Slain by an iguana

Illustrated notes

Levels and vault maps discovered:
D:1:      matt_arrival_diagonals, layout_basic, serial_shops, shop,
          basic_ecumenical_altar
D:2:      layout_loops_ring, kennysheep_generic_room_5, uniq_natasha
D:3:      layout_basic, lemuel_tele_altar, chequers_serial_rivers_room_a
D:4:      layout_gridville, due_unseen_surprise, uniq_pikel, uniq_pargi

Skill      XL: |  1  2  3  4 |
---------------+-------------+-----
Axes           | 3 4 |  4.3
Polearms       | 1 |  1.8
Fighting       | |  3.3
Armour         | |  2.4
Dodging        | |  1.5

Action                   |  1- 3 |  4- 6 || total
-------------------------+-------+-------++-------
Melee: Hand axe          |    94 |       ||    94
       Trident           |     9 |    55 ||    64
Throw: Dart              |       |     1 ||     1
Armor: Animal skin       |    30 |    17 ||    47
Dodge: Dodged            |    38 |    22 ||    60

Table legend: (Time is in decaauts)
 A = Elapsed time spent in this place.
 B = Non-inter-level travel time spent in this place.
 C = Inter-level travel time spent in this place.
 D = Time resting spent in this place.
 E = Time spent auto-exploring this place.
 F = Levels seen in this place.
 G = Mean time per level.
                   A        B        C        D        E       F      G
               +--------+--------+--------+--------+--------+-----+--------+
         Total |   3115 |   3108 |      7 |    841 |   1721 |   4 |  778.8 |
       Dungeon |   3115 |   3108 |      7 |    841 |   1721 |   4 |  778.8 |
               +--------+--------+--------+--------+--------+-----+--------+

Top non-repeatable levels by time:
     D:2: 1387 daAuts
     D:1: 1212 daAuts
     D:3: 428 daAuts
     D:4: 86 daAuts
